[Event "Titled Tuesday Blitz March 22 Early 2022"]
[White "Stanisz, Patryk"]
[Black "Vine, Elzbieta"]
[WhiteFideId "1123106"]
[BlackFideId "1119320"]
[WhiteElo "1876"]
[BlackElo "1817"]
[Result "0-1"]
[Round "10"]
[TimeControl "180+1"]
[Date "2022.03.22"]
[WhiteClock "0:00:12"]
[BlackClock "0:00:06"]

1. e4 c5 2. Nf3 a6 3. a4 d6 4. d4 cxd4 5. Nxd4 Nf6 6. Nc3 Nc6 7. Be2 e5 8. Nf3 Be7 9. Be3 Be6 10. h3 O-O 11. Ng5 d5 12. exd5 Nxd5 13. Nxe6 fxe6 14. O-O Nxe3 15. fxe3 Qb6 16. Qd3 Rad8 17. Rxf8+ Bxf8 18. Qe4 Bc5 19. Rf1 Bxe3+ 20. Kh1 Bf4 21. Bc4 Qxb2 22. Bxe6+ Kh8 23. Nd5 Nd4 24. Nxf4 exf4 25. Bb3 f3 26. gxf3 Nxb3 27. cxb3 Qxb3 28. Rb1 Rd1+ 29. Rxd1 Qxd1+ 30. Kh2 Qd2+ 31. Kg3 Qd6+ 32. Kf2 Qc5+ 33. Kg3 Qc7+ 34. f4 Qc3+ 35. Kg2 Qc6 36. Kf3 Qxe4+ 37. Kxe4 Kg8 38. Kd5 b5 39. a5 Kf7 40. Kc5 Kf6 41. Kb6 b4 42. Kxa6 b3 43. Kb7 b2 44. a6 b1=Q+ 45. Kc6 Qa2 46. Kb7 Qb3+ 47. Kc7 Qa4 48. Kb7 Qb5+ 49. Kc7 Qxa6 50. Kd8 Qb7 51. f5 Qe7+ 52. Kc8 Ke5 53. h4 Kd6 54. h5 Qc7# 0-1


[Site "https://www.chess.com"]

[Event "Titled Tuesday Blitz March 22 Early 2022"]
[White "Svane, Rasmus"]
[Black "Daneshvar, Bardiya"]
[WhiteFideId "4657101"]
[BlackFideId "12576468"]
[WhiteElo "2645"]
[BlackElo "2295"]
[Result "1/2-1/2"]
[Round "10"]
[TimeControl "180+1"]
[Date "2022.03.22"]
[WhiteClock "0:00:05"]
[BlackClock "0:00:16"]

1. Nf3 d5 2. g3 g6 3. Bg2 Bg7 4. d4 Nf6 5. O-O O-O 6. c3 c6 7. Re1 Nbd7 8. Nbd2 c5 9. a4 cxd4 10. cxd4 a5 11. Nb1 Nb8 12. Ne5 Nc6 13. Nc3 e6 14. Bf4 Nh5 15. Nb5 Nxf4 16. gxf4 f6 17. Nf3 Bd7 18. Rc1 Nb4 19. e3 Qb6 20. Bf1 Rac8 21. Qd2 Rc6 22. Nc3 Rcc8 23. Bb5 Bc6 24. Qe2 Qd8 25. Nd2 e5 26. Nf3 exf4 27. exf4 Qc7 28. f5 Bh6 29. Rcd1 Kg7 30. fxg6 hxg6 31. Qf1 Rf7 32. Qg2 Qf4 33. Ne2 Qd6 34. Ng3 Kh7 35. Nh4 f5 36. Nf3 f4 37. Nf1 Rf5 38. h3 Bxb5 39. axb5 Rcf8 40. N1h2 Bg7 41. Re2 Qd7 42. Rde1 Bf6 43. Ng4 Bd8 44. Re6 Nd3 45. R1e2 Nc1 46. Re1 Nd3 47. R1e2 Nc1 48. R2e5 Nd3 49. Rxf5 Rxf5 50. Re2 Qxb5 51. Rc2 Qd7 52. Rc3 Nxb2 53. Nge5 Qe6 54. Qg4 Nc4 55. Rb3 b6 56. Rb1 Nxe5 57. dxe5 Qe7 58. Re1 Bc7 59. e6 Kg7 60. h4 a4 61. Ng5 a3 62. Qf3 Re5 63. Qc3 Kf6 64. Nf3 Qxe6 65. Nxe5 Bxe5 66. Qxa3 Qg4+ 67. Kf1 Qxh4 68. Qf3 Ke6 69. Rd1 d4 70. Qc6+ Kf5 71. Qf3 Qg4 72. Qd3+ Kg5 73. f3 Qh3+ 74. Kf2 Qh2+ 75. Ke1 Qg1+ 76. Ke2 Qe3+ 77. Qxe3 fxe3 78. Rb1 Kf5 79. Rxb6 g5 80. Rb7 Bf6 81. Rd7 Ke6 82. Rb7 Kf5 83. Kd3 Be5 84. Rf7+ Ke6 85. Rf8 Bg7 86. Rg8 Bf6 87. Re8+ Kf5 88. Rf8 Ke6 89. Rb8 Be5 90. Rb5 Kf5 91. Rd5 Kf4 92. Ke2 Bf6 93. Rd7 g4 94. fxg4 Kxg4 95. Kd3 Kf5 96. Rf7 Ke6 97. Rf8 Be5 98. Re8+ Kd5 99. Rd8+ Ke6 100. Rg8 Kf5 101. Rf8+ Ke6 102. Rf3 Kd5 103. Rf1 Ke6 104. Rb1 Bf6 105. Ke4 Bg7 106. Rb6+ Kf7 107. Rb1 Ke6 108. Ra1 Kf7 109. Ra7+ Kg6 110. Ra6+ Kf7 111. Ra2 Kg6 112. Rg2+ Kf7 113. Rg3 Bh8 114. Rg1 Bg7 115. Kf5 d3 116. Ke4 d2 117. Kxe3 Bh6+ 118. Kd3 Kf6 119. Ke4 Kf7 120. Kf5 Be3 121. Rd1 Bh6 122. Ke4 Bg5 123. Rg1 Bh6 124. Ke5 Be3 125. Rf1+ Ke7 126. Ke4 Bf2 127. Kd3 Be1 128. Ke2 Ke6 129. Rf3 Kd5 130. Rd3+ Kc4 131. Rd8 Kc3 132. Rc8+ Kd4 133. Rd8+ Kc3 134. Rd7 Kc4 135. Rc7+ Kd4 136. Rc8 Ke4 137. Rd8 Ke5 138. Kf3 Kf5 139. Rd5+ Ke6 140. Ke4 Kf6 141. Rd6+ Ke7 142. Rd3 Ke6 143. Kf4 Kf6 144. Rd6+ Ke7 145. Rd3 Ke6 146. Rd4 Kf6 147. Rd6+ Ke7 148. Rd5 Ke6 149. Ke4 Kf6 150. Rd8 Ke7 151. Rd3 Ke6 152. Rd4 Kf6 153. Kd5 Kf5 154. Kc4 Ke5 155. Rd8 Ke4 156. Kb3 Ke3 157. Kc2 Ke4 158. Re8+ Kd4 159. Rd8+ Ke4 160. Kd1 Ke5 161. Ke2 Ke6 162. Kf3 Ke5 163. Rd3 Ke6 164. Ke4 Kf6 165. Rd6+ Ke7 166. Rd5 Ke6 167. Rd4 1/2-1/2


[Site "https://www.chess.com"]

[Event "Titled Tuesday Blitz March 22 Early 2022"]
[White "Tanenbaum, Zachary"]
[Black "Alinasab, Mobina"]
[WhiteFideId "2060850"]
[BlackFideId "12528897"]
[WhiteElo "2168"]
[BlackElo "2052"]
[Result "1-0"]
[Round "10"]
[TimeControl "180+1"]
[Date "2022.03.22"]
[WhiteClock "0:02:15"]
[BlackClock "0:01:48"]

1. e4 c5 2. Nf3 d6 3. d4 cxd4 4. Nxd4 Nf6 5. Nc3 a6 6. Be3 e5 7. Nb3 Be6 8. h3 d5 9. exd5 Nxd5 10. Nxd5 Qxd5 11. Qxd5 Bxd5 12. O-O-O Bc6 13. Na5 Bb4 14. Nxc6 Nxc6 15. Bc4 Ke7 16. a3 Bd6 17. Bxf7 Nd4 18. Bd5 Rac8 19. Bxd4 exd4 20. Rhe1+ Kd8 21. Bxb7 Rc7 22. Rxd4 Kd7 23. Red1 Rxb7 24. Rxd6+ Ke7 25. Rxa6 Rc8 26. Rad6 1-0


[Site "https://www.chess.com"]

[Event "Titled Tuesday Blitz March 22 Early 2022"]
[White "Tasev, Dejan"]
[Black "Guseva, Marina"]
[WhiteFideId "936618"]
[BlackFideId "4149351"]
[WhiteElo "2253"]
[BlackElo "2160"]
[Result "1-0"]
[Round "10"]
[TimeControl "180+1"]
[Date "2022.03.22"]
[WhiteClock "0:01:07"]
[BlackClock "0:00:08"]

1. e4 c5 2. Nf3 Nc6 3. Nc3 e5 4. Bc4 Be7 5. d3 d6 6. Nd2 Bg5 7. Nf1 Bxc1 8. Rxc1 Nge7 9. Ne3 O-O 10. O-O a6 11. f4 b5 12. Bb3 exf4 13. Rxf4 Nd4 14. Qd2 Nxb3 15. axb3 Be6 16. Rcf1 b4 17. Ne2 d5 18. exd5 Nxd5 19. Nxd5 Bxd5 20. Ng3 g6 21. Qf2 Qe7 22. Re1 Qc7 23. Ne4 f5 24. Nxc5 Rac8 25. d4 a5 26. Re5 Qc6 27. Qg3 Rce8 28. Rxe8 Qxe8 29. Rf1 Qe2 30. Qf2 Re8 31. h3 Qxf2+ 32. Rxf2 Re1+ 33. Kh2 Rd1 34. c3 Kg7 35. c4 Be4 36. d5 Rd4 37. Ne6+ 1-0


[Site "https://www.chess.com"]

[Event "Titled Tuesday Blitz March 22 Early 2022"]
[White "Tiarks, Jann-Christian"]
[Black "Zaksaite, Salomeja"]
[WhiteFideId "12951595"]
[BlackFideId "12801496"]
[WhiteElo "2176"]
[BlackElo "1953"]
[Result "0-1"]
[Round "10"]
[TimeControl "180+1"]
[Date "2022.03.22"]
[WhiteClock "0:01:24"]
[BlackClock "0:00:50"]

1. e4 c5 2. Nc3 e6 3. g3 d5 4. exd5 exd5 5. Bg2 d4 6. Nd5 Nf6 7. Nxf6+ Qxf6 8. d3 Bd6 9. Nf3 O-O 10. O-O Nc6 11. Bg5 Qg6 12. h3 h6 13. Bd2 Be6 14. Re1 Rfe8 15. Nh4 Qf6 16. Qf3 Qxf3 17. Nxf3 Bd5 18. Nxd4 Bxg2 19. Nb5 Rxe1+ 20. Rxe1 Bxh3 21. Nxd6 Nd4 22. Kh1 Be6 23. Bc3 Bd5+ 24. Ne4 f5 25. Bxd4 cxd4 26. f3 fxe4 27. fxe4 Bc6 28. Kg2 Bd7 29. Rh1 Rc8 30. Rc1 Bb5 31. c4 dxc3 32. Rxc3 Rxc3 33. bxc3 Bxd3 0-1


[Site "https://www.chess.com"]

[Event "Titled Tuesday Blitz March 22 Early 2022"]
[White "Timofeev, Artyom"]
[Black "Nenezic, Marko"]
[WhiteFideId "4140419"]
[BlackFideId "912123"]
[WhiteElo "2594"]
[BlackElo "2457"]
[Result "1-0"]
[Round "10"]
[TimeControl "180+1"]
[Date "2022.03.22"]
[WhiteClock "0:00:07"]
[BlackClock "0:00:09"]

1. e4 c5 2. Nc3 Nc6 3. g3 g6 4. Bg2 Bg7 5. d3 d6 6. Be3 Rb8 7. Qd2 b5 8. Nge2 b4 9. Nd1 Nd4 10. O-O Nxe2+ 11. Qxe2 Nf6 12. e5 Ng4 13. exd6 Qxd6 14. Bf4 e5 15. h3 O-O 16. Bd2 Nh6 17. g4 f5 18. Ne3 Kh8 19. Nc4 Qc7 20. Bxh6 Bxh6 21. Qxe5+ Qxe5 22. Nxe5 Bg7 23. Rae1 fxg4 24. hxg4 g5 25. Bd5 Bb7 26. Nf7+ Kg8 27. Bb3 Ba6 28. Ne5+ c4 29. Bxc4+ Bxc4 30. Nxc4 Rf4 31. Re4 Rxe4 32. dxe4 Rc8 33. b3 Rd8 34. f3 Bd4+ 35. Kg2 Bc5 36. e5 Kf7 37. Rh1 Kg6 38. Re1 h5 39. gxh5+ Kxh5 40. e6 Kg6 41. Ne5+ Kf5 42. Nc4 Kf6 43. Re5 Be7 44. Re3 Rd1 45. Re2 Ra1 46. Ne3 Kg7 47. Nd5 Kf8 48. c4 bxc3 49. Nxc3 Rc1 50. Nd5 Bc5 51. f4 g4 52. Kg3 Rg1+ 53. Kh4 g3 54. Kh3 Rd1 55. e7+ Bxe7 56. Nxe7 1-0


[Site "https://www.chess.com"]

[Event "Titled Tuesday Blitz March 22 Early 2022"]
[White "Toncheva, Nadya"]
[Black "Lauridsen, Jesper Morch"]
[WhiteFideId "2924056"]
[BlackFideId "1401890"]
[WhiteElo "1884"]
[BlackElo "2259"]
[Result "1/2-1/2"]
[Round "10"]
[TimeControl "180+1"]
[Date "2022.03.22"]
[WhiteClock "0:00:08"]
[BlackClock "0:00:04"]

1. e4 c5 2. Nc3 e6 3. f4 Nc6 4. Nf3 d5 5. Bb5 Ne7 6. O-O d4 7. Ne2 a6 8. Bxc6+ Nxc6 9. d3 Be7 10. Qe1 O-O 11. a3 b5 12. Qg3 Bb7 13. f5 exf5 14. Bh6 Bf6 15. e5 Nxe5 16. Nxe5 Bxe5 17. Qxe5 gxh6 18. Rxf5 Re8 19. Qg3+ Kh8 20. Rxf7 Qg5 21. Rxb7 Rxe2 22. Rf1 Rae8 23. Qxg5 hxg5 24. Rff7 Re1+ 25. Kf2 R1e2+ 26. Kg3 R8e3+ 27. Rf3 Rxf3+ 28. gxf3 Rxc2 29. Kg4 Rxh2 30. Kxg5 Rg2+ 31. Kf6 h5 32. Rc7 Rd2 33. Kg6 Rg2+ 34. Kh6 Kg8 35. Kxh5 Rxb2 36. Rxc5 Kf7 37. Kg5 Rb3 38. Rc7+ Ke6 39. Rc6+ Kd5 40. Rxa6 Rxd3 41. f4 Rc3 42. f5 d3 43. Ra8 Rc6 44. f6 d2 45. f7 d1=Q 46. Rd8+ Rd6 47. Rxd6+ Kxd6 48. f8=Q+ Kc7 49. Qc5+ Kd8 50. Qxb5 Qg1+ 51. Kf4 Qf2+ 52. Ke4 Qe1+ 53. Kd5 Qd2+ 54. Kc4 Qe2+ 55. Kb4 Qxb5+ 56. Kxb5 Kc8 57. a4 Kb8 58. a5 Ka7 59. a6 Ka8 60. a7 Kxa7 1/2-1/2


[Site "https://www.chess.com"]

[Event "Titled Tuesday Blitz March 22 Early 2022"]
[White "Tsukerman, Julia"]
[Black "Dilmukhametov, Artur"]
[WhiteFideId "2621649"]
[BlackFideId "24179922"]
[WhiteElo "2105"]
[BlackElo "2237"]
[Result "0-1"]
[Round "10"]
[TimeControl "180+1"]
[Date "2022.03.22"]
[WhiteClock "0:01:35"]
[BlackClock "0:01:56"]

1. e4 e6 2. d4 d5 3. exd5 exd5 4. Bd3 Bd6 5. Nf3 Ne7 6. O-O Bg4 7. c3 Nbc6 8. Nbd2 Qd7 9. Re1 O-O-O 10. Qc2 Rde8 11. Ne5 Nxe5 12. dxe5 Bc5 13. Nb3 Bb6 14. Be3 Bxe3 15. Rxe3 Bf5 16. Nd4 Bxd3 17. Qxd3 Nc6 18. Nxc6 Qxc6 19. Rae1 Re6 20. Qd4 b6 21. Qf4 Rf8 22. Qf5 Kb7 23. Qxh7 g6 24. Qh4 Qb5 25. b3 a5 26. Qd4 Rd8 27. Qf4 c5 28. Qxf7+ Qd7 29. Qxe6 Qxe6 30. f3 d4 31. Rd3 Rd5 32. f4 Qf5 0-1


[Site "https://www.chess.com"]

[Event "Titled Tuesday Blitz March 22 Early 2022"]
[White "Vakhlamov, Igor L."]
[Black "Ljukin, Sergei"]
[WhiteFideId "24126748"]
[BlackFideId "14102200"]
[WhiteElo "2401"]
[BlackElo "2312"]
[Result "1-0"]
[Round "10"]
[TimeControl "180+1"]
[Date "2022.03.22"]
[WhiteClock "0:00:23"]
[BlackClock "0:00:07"]

1. e4 e6 2. d4 d5 3. Nc3 Bb4 4. exd5 exd5 5. Bd3 Nf6 6. Nf3 O-O 7. O-O c6 8. Ne2 Bg4 9. Ng3 Nbd7 10. h3 Be6 11. Bf4 Qb6 12. c3 Be7 13. Qc2 Rfe8 14. Rfe1 Nf8 15. Ng5 h6 16. Nxe6 Nxe6 17. Be5 Nd7 18. Nh5 Nxe5 19. Rxe5 Bd6 20. Rf5 Rf8 21. h4 Kh8 22. Rf3 Rae8 23. g3 Qc7 24. b4 b6 25. Qd2 c5 26. bxc5 bxc5 27. Rf6 Nf4 28. Nxf4 gxf6 29. Nh5 1-0


[Site "https://www.chess.com"]

[Event "Titled Tuesday Blitz March 22 Early 2022"]
[White "Valle Maytin, Luis Enrique"]
[Black "Mangialardo, Tiago Carvalho"]
[WhiteFideId "3503666"]
[BlackFideId "2130718"]
[WhiteElo "2223"]
[BlackElo "2095"]
[Result "1-0"]
[Round "10"]
[TimeControl "180+1"]
[Date "2022.03.22"]
[WhiteClock "0:01:20"]
[BlackClock "0:00:05"]

1. e4 e5 2. Nf3 Nc6 3. Bb5 a6 4. Ba4 Nf6 5. O-O Be7 6. Re1 d6 7. c3 O-O 8. d4 exd4 9. cxd4 Bg4 10. Bxc6 bxc6 11. h3 Bh5 12. Nbd2 Re8 13. Nf1 Bg6 14. Bf4 Bxe4 15. Ng3 Bg6 16. Rc1 Nd5 17. Bd2 Qd7 18. Qa4 Reb8 19. b3 Bd3 20. Qxc6 Qxc6 21. Rxc6 Bf6 22. Ne4 Re8 23. Nxf6+ gxf6 24. Rxe8+ Rxe8 25. Rc1 Re2 26. Re1 Rxe1+ 27. Nxe1 Kf8 28. Nxd3 1-0


[Site "https://www.chess.com"]

[Event "Titled Tuesday Blitz March 22 Early 2022"]
[White "Vasquez Schroeder, Rodrigo"]
[Black "Molina, Roberto Junio Brito"]
[WhiteFideId "3400042"]
[BlackFideId "2109450"]
[WhiteElo "2561"]
[BlackElo "2432"]
[Result "0-1"]
[Round "10"]
[TimeControl "180+1"]
[Date "2022.03.22"]
[WhiteClock "0:00:13"]
[BlackClock "0:00:11"]

1. e4 e6 2. d4 d5 3. Nc3 Nf6 4. e5 Nfd7 5. Nce2 c5 6. c3 b6 7. Ng3 Ba6 8. Bxa6 Nxa6 9. a3 g6 10. Nf3 Be7 11. Bh6 Qc7 12. b4 c4 13. Qa4 Qb7 14. O-O O-O-O 15. Ng5 Bxg5 16. Bxg5 Rde8 17. b5 Nc7 18. Rab1 h6 19. Be3 Kb8 20. Qb4 Qc8 21. a4 Qd8 22. a5 Qe7 23. Qa4 Kb7 24. Bc1 bxa5 25. Ba3 Nb6 26. Qxa5 Qd7 27. Bc5 Ra8 28. Rb2 Rhb8 29. Ra1 Kc8 30. Bd6 Rb7 31. Nf1 Kd8 32. Ne3 h5 33. Nf1 Nc8 34. Bxc7+ Qxc7 35. Qb4 Qe7 36. Qa5+ Qc7 37. Qa4 Rab8 38. Nd2 Qd7 39. Rab1 Rb6 40. Qa5 Ke8 41. Nf3 a6 42. Ng5 Rxb5 43. Rxb5 Rxb5 44. Qa1 Rxb1+ 45. Qxb1 Qb5 46. Qc1 a5 47. h4 a4 48. Qf4 Qb7 49. Qc1 Nb6 50. Qa3 Qa7 51. Nh7 Nd7 52. g3 Qa5 53. Kg2 Qb5 54. Nf6+ Kd8 55. Qd6 Qb7 56. Ng8 Qb6 57. Qe7+ Kc7 58. Nf6 Qc6 59. Ne8+ Kb6 60. Qd8+ Ka7 61. Nd6 Nb6 62. Qe7+ Qd7 63. Qf8 a3 64. Nxf7 a2 65. Qa3+ Qa4 66. Qe7+ Qd7 67. Qa3+ Qa4 68. Qe7+ Ka6 69. Nd8 a1=Q 70. Qb7+ Ka5 71. Qa7+ Kb5 72. Qb7 Qa7 73. Qc6+ Ka6 74. Nxe6 Qe7 75. Nc7+ Ka7 76. Nb5+ Ka6 77. Nd6 Qb2 78. Nc8 Qb7 79. Qxg6 Qxc8 80. Qxh5 Qf8 81. Qf3 Qxf3+ 82. Kxf3 Qxc3+ 0-1


[Site "https://www.chess.com"]

[Event "Titled Tuesday Blitz March 22 Early 2022"]
[White "Vishnu, Prasanna. V"]
[Black "Fernandez, Daniel Howard"]
[WhiteFideId "5030692"]
[BlackFideId "5801605"]
[WhiteElo "2510"]
[BlackElo "2466"]
[Result "0-1"]
[Round "10"]
[TimeControl "180+1"]
[Date "2022.03.22"]
[WhiteClock "0:02:05"]
[BlackClock "0:02:23"]

1. c4 c5 2. Nf3 Nc6 3. Nc3 Nf6 4. d4 cxd4 5. Nxd4 e6 6. g3 Qb6 7. Ndb5 Ne5 8. Bf4 Nfg4 9. e3 a6 10. Qa4 Ra7 11. h3 axb5 12. Qxb5 Qc6 13. hxg4 Nd3+ 14. Bxd3 Qxh1+ 15. Bf1 Be7 16. Qc6 Qxc6 0-1


[Site "https://www.chess.com"]

[Event "Titled Tuesday Blitz March 22 Early 2022"]
[White "Vlassov, Nikolai"]
[Black "Golubka, Petro"]
[WhiteFideId "4103360"]
[BlackFideId "14114224"]
[WhiteElo "2407"]
[BlackElo "2346"]
[Result "1-0"]
[Round "10"]
[TimeControl "180+1"]
[Date "2022.03.22"]
[WhiteClock "0:00:19"]
[BlackClock "0:00:50"]

1. e4 g6 2. h4 h5 3. Nf3 Bg7 4. Ng5 Nh6 5. d4 f6 6. Nh3 d6 7. Nf4 Kf7 8. Bc4+ e6 9. Nc3 c6 10. d5 cxd5 11. exd5 e5 12. Ne6 Qe7 13. f4 Ng4 14. Qe2 Nd7 15. O-O Nb6 16. Bb3 Bxe6 17. dxe6+ Kg8 18. f5 gxf5 19. Rxf5 d5 20. Qb5 Bh6 21. Rxh5 Bxc1 22. Rxh8+ Kxh8 23. Rxc1 Qxe6 24. Nxd5 Qd6 25. Qe2 Qc5+ 26. Kh1 Nf2+ 27. Kh2 Nxd5 28. Bxd5 Qxd5 29. Qxf2 Kg7 30. Rf1 Rf8 31. Qxa7 Qe4 32. Qf2 f5 33. Re1 Qd5 34. Qg3+ Kf6 35. Qg5+ Ke6 36. Qg6+ Rf6 37. Qe8+ Kd6 38. Rd1 1-0


[Site "https://www.chess.com"]

[Event "Titled Tuesday Blitz March 22 Early 2022"]
[White "Vokhidov, Shamsiddin"]
[Black "Kollars, Dmitrij"]
[WhiteFideId "14204223"]
[BlackFideId "12909572"]
[WhiteElo "2611"]
[BlackElo "2584"]
[Result "0-1"]
[Round "10"]
[TimeControl "180+1"]
[Date "2022.03.22"]
[WhiteClock "0:00:24"]
[BlackClock "0:00:37"]

1. e4 c6 2. d4 d5 3. e5 Bf5 4. h4 h5 5. Bd3 Bxd3 6. Qxd3 Qa5+ 7. Nd2 e6 8. Nf3 Nh6 9. O-O Nf5 10. Nb3 Qa6 11. Qd1 Nd7 12. Re1 b6 13. Bg5 c5 14. dxc5 Bxc5 15. c3 Rc8 16. a4 Qc4 17. Nfd4 Bxd4 18. cxd4 Qb4 19. a5 O-O 20. axb6 axb6 21. Ra7 Nb8 22. Rb7 Nc6 23. Nc5 Na5 24. Bd2 Qxd4 25. Bxa5 Qxd1 26. Rxd1 bxc5 27. g3 Rb8 28. Rc7 c4 29. Bc3 Rfc8 30. Rd7 Rd8 31. Rc7 d4 32. Ba5 Rd5 33. Bd2 c3 34. Bf4 cxb2 35. Rb1 Ra5 36. Rc2 Ra1 37. Rxb2 Rxb1+ 0-1


[Site "https://www.chess.com"]

[Event "Titled Tuesday Blitz March 22 Early 2022"]
[White "Vusatiuk, Vladimir"]
[Black "Tsyhanchuk, Stanislav"]
[WhiteFideId "14118610"]
[BlackFideId "13505130"]
[WhiteElo "2157"]
[BlackElo "2078"]
[Result "1-0"]
[Round "10"]
[TimeControl "180+1"]
[Date "2022.03.22"]
[WhiteClock "0:00:35"]
[BlackClock "0:01:05"]

1. d4 d5 2. c4 c6 3. Nc3 Nf6 4. Nf3 dxc4 5. a4 Bf5 6. Ne5 Nbd7 7. Nxc4 Qc7 8. g3 e5 9. dxe5 Nxe5 10. Bf4 Nfd7 11. Bg2 g5 12. Nxe5 gxf4 13. Nxd7 Bxd7 14. Qd4 fxg3 15. Qxh8 O-O-O 16. hxg3 Qb6 17. O-O Bc5 18. Qf6 Bd4 19. Qf4 Be6 20. Rfd1 c5 21. e3 Qxb2 22. exd4 cxd4 23. Ne4 Rd5 24. Rac1+ Kd8 25. Qb8+ Ke7 26. Rc7+ Bd7 27. Bh3 d3 28. Qxb7 Qe2 29. Rxd7+ Rxd7 30. Qxd7+ Kf8 31. Qg4 f5 32. Qxe2 dxe2 33. Re1 fxe4 34. Rxe2 e3 35. Rxe3 h5 36. Rb3 h4 37. gxh4 a5 38. Rb5 Kg8 39. Rxa5 Kh8 40. Rb5 Kg8 41. a5 Kh8 42. a6 Kg8 43. a7 Kh8 44. a8=Q+ Kg7 45. Qa6 Kf8 46. Rb8+ Ke7 47. Qe6# 1-0


[Site "https://www.chess.com"]

[Event "Titled Tuesday Blitz March 22 Early 2022"]
[White "Williams, Simon K"]
[Black "Koellner, Ruben Gideon"]
[WhiteFideId "404454"]
[BlackFideId "12993093"]
[WhiteElo "2468"]
[BlackElo "2515"]
[Result "0-1"]
[Round "10"]
[TimeControl "180+1"]
[Date "2022.03.22"]
[WhiteClock "0:00:21"]
[BlackClock "0:00:11"]

1. e4 d6 2. d4 Nf6 3. Nc3 e5 4. h3 c6 5. g4 h6 6. Nge2 a5 7. Bg2 b5 8. Ng3 b4 9. Nge2 bxc3 10. Nxc3 Ba6 11. f4 Nbd7 12. Be3 Be7 13. Qd2 Nf8 14. O-O-O Rc8 15. Qf2 exf4 16. Bxf4 Ng6 17. e5 Nxf4 18. Qxf4 Nd5 19. Qf2 Bg5+ 20. Kb1 Nxc3+ 21. bxc3 d5 22. h4 Be7 23. g5 a4 24. g6 O-O 25. Bh3 Rb8+ 26. Ka1 fxg6 27. Qg3 Qa5 28. Be6+ Kh8 29. Rb1 a3 30. Rb3 Bc4 31. h5 Bxb3 32. hxg6 Bxc2 33. Qe3 Rb1+ 34. Rxb1 Bxb1 35. Kxb1 Qb5+ 36. Kc2 Qb2+ 37. Kd3 Qb1+ 38. Ke2 Qxa2+ 39. Ke1 Qb1+ 40. Ke2 Qc2+ 41. Ke1 Qb1+ 42. Ke2 Qf1+ 43. Kd2 Rf2+ 0-1


[Site "https://www.chess.com"]

[Event "Titled Tuesday Blitz March 22 Early 2022"]
[White "Winkels, Marcel"]
[Black "Lakshmi C"]
[WhiteFideId "1003887"]
[BlackFideId "25035347"]
[WhiteElo "1900"]
[BlackElo "1775"]
[Result "0-1"]
[Round "10"]
[TimeControl "180+1"]
[Date "2022.03.22"]
[WhiteClock "0:01:24"]
[BlackClock "0:00:23"]

1. e4 c5 2. Nf3 Nc6 3. Bb5 g6 4. O-O Bg7 5. Re1 a6 6. Bxc6 bxc6 7. c3 d6 8. d4 cxd4 9. cxd4 Qc7 10. h3 Nf6 11. Nc3 O-O 12. Bf4 Nh5 13. Bh2 Qb7 14. b3 c5 15. Rc1 cxd4 16. Nxd4 Be6 17. Nxe6 fxe6 18. Qg4 e5 19. Nd5 Qa7 20. Rc7 Qxf2+ 21. Kh1 Qxe1+ 22. Bg1 Rf1 23. Qe6+ Kh8 24. Rc8+ Rxc8 25. Qxc8+ Bf8 26. Kh2 Qg3+ 27. Kh1 Qf2 0-1


[Site "https://www.chess.com"]

[Event "Titled Tuesday Blitz March 22 Early 2022"]
[White "Xu, Yi"]
[Black "Murzin, Volodar"]
[WhiteFideId "8605564"]
[BlackFideId "44155573"]
[WhiteElo "2471"]
[BlackElo "2585"]
[Result "0-1"]
[Round "10"]
[TimeControl "180+1"]
[Date "2022.03.22"]
[WhiteClock "0:00:25"]
[BlackClock "0:00:10"]

1. e4 c6 2. d4 d5 3. e5 Bf5 4. Nf3 e6 5. Be2 Ne7 6. O-O h6 7. c3 Nd7 8. Nbd2 g5 9. b4 Bg7 10. Re1 O-O 11. Nf1 a5 12. a3 Qc7 13. Ng3 Bg6 14. Bd3 Nb6 15. Be3 Nc4 16. Bxg6 fxg6 17. Nd2 Nxe3 18. fxe3 Nf5 19. e4 Nxg3 20. hxg3 h5 21. Qc2 Kh7 22. Rf1 g4 23. c4 Qb6 24. c5 Qb5 25. exd5 cxd5 26. Rab1 axb4 27. axb4 Bh6 28. Rbe1 Qxb4 29. Nb3 Ra3 30. Rb1 Be3+ 31. Kh2 Rxf1 32. Rxf1 Qxb3 33. Rf7+ Kh6 34. Qe2 Bxd4 35. Qe1 Qe3 36. Qxe3+ Rxe3 37. Rxb7 Bxc5 38. Rf7 Rxe5 39. Rf6 Bd6 40. Rf7 Re3 41. Kh1 Bxg3 0-1


[Site "https://www.chess.com"]

[Event "Titled Tuesday Blitz March 22 Early 2022"]
[White "Yeletsky, Ivan"]
[Black "Terry, Renato"]
[WhiteFideId "24180327"]
[BlackFideId "3803457"]
[WhiteElo "2303"]
[BlackElo "2577"]
[Result "0-1"]
[Round "10"]
[TimeControl "180+1"]
[Date "2022.03.22"]
[WhiteClock "0:01:05"]
[BlackClock "0:01:24"]

1. e4 e6 2. d4 d5 3. Nc3 Nf6 4. Bg5 Bb4 5. e5 h6 6. Be3 Ne4 7. Ne2 c5 8. f3 Nxc3 9. bxc3 Ba5 10. Kf2 Nc6 11. Nf4 Bxc3 12. dxc5 Bxa1 13. Qxa1 d4 14. Bd2 Nxe5 15. c3 Nc6 16. Bb5 O-O 17. Bxc6 bxc6 18. cxd4 e5 19. Ne2 Ba6 20. Bc3 Bxe2 21. Kxe2 exd4 22. Bxd4 Re8+ 23. Kf2 Qh4+ 24. g3 Qg5 25. Qc3 Rad8 26. h4 Qe7 27. g4 f6 28. Rg1 Rd5 29. Be3 Re5 30. Re1 f5 31. g5 f4 32. Bd2 Rxe1 33. Bxe1 Qe2+ 0-1


[Site "https://www.chess.com"]

[Event "Titled Tuesday Blitz March 22 Early 2022"]
[White "Zhigalko, Sergei"]
[Black "Sargsyan, Anna M."]
[WhiteFideId "13502956"]
[BlackFideId "13308130"]
[WhiteElo "2662"]
[BlackElo "2271"]
[Result "1-0"]
[Round "10"]
[TimeControl "180+1"]
[Date "2022.03.22"]
[WhiteClock "0:00:31"]
[BlackClock "0:01:10"]

1. e4 e5 2. Nf3 Nc6 3. Bc4 Bc5 4. b4 Bxb4 5. c3 Ba5 6. d4 exd4 7. O-O Nge7 8. Ng5 Ne5 9. Nxf7 Nxf7 10. Bxf7+ Kxf7 11. Qh5+ Ng6 12. Qd5+ Kf8 13. Qxa5 dxc3 14. Nxc3 d6 15. Nd5 b6 16. Qc3 c5 17. Bb2 Qd7 18. f4 Bb7 19. Rad1 Re8 20. f5 Ne5 21. f6 Bxd5 22. Rxd5 gxf6 23. Rxf6+ Ke7 24. Rfxd6 Qxd6 25. Rxe5+ Kf7 26. Qf3+ 1-0


[Site "https://www.chess.com"]

[Event "Titled Tuesday Blitz March 22 Early 2022"]
[White "Aaditya Dhingra"]
[Black "Bodnaruk, Anastasia"]
[WhiteFideId "25678191"]
[BlackFideId "4181751"]
[WhiteElo "1849"]
[BlackElo "2393"]
[Result "0-1"]
[Round "11"]
[TimeControl "180+1"]
[Date "2022.03.22"]
[WhiteClock "0:00:25"]
[BlackClock "0:00:09"]

1. Nf3 Nf6 2. c4 g6 3. b3 Bg7 4. Bb2 c5 5. g3 d6 6. Bg2 e5 7. O-O Nc6 8. d3 O-O 9. Nc3 h6 10. Nd2 Be6 11. Nde4 Ne8 12. Nd5 f5 13. Nd2 Qd7 14. e3 g5 15. f4 exf4 16. Bxg7 Nxg7 17. gxf4 Rae8 18. a3 g4 19. Qe1 h5 20. Qh4 Qf7 21. b4 Ne7 22. Nc7 Ng6 23. Qg5 Qxc7 24. Qxg6 Bf7 25. Qg5 Rxe3 26. Rae1 Rfe8 27. Kf2 Rxd3 28. Rxe8+ Bxe8 29. Ke2 Rxa3 30. Re1 Bf7 31. Kf1 cxb4 32. Re7 Bxc4+ 33. Ke1 Ra1+ 34. Kf2 Qc5+ 35. Kg3 Ra3+ 36. Bf3 Qg1+ 0-1


[Site "https://www.chess.com"]

[Event "Titled Tuesday Blitz March 22 Early 2022"]
[White "Aravindh, Chithambaram VR."]
[Black "Daneshvar, Bardiya"]
[WhiteFideId "5072786"]
[BlackFideId "12576468"]
[WhiteElo "2561"]
[BlackElo "2295"]
[Result "1-0"]
[Round "11"]
[TimeControl "180+1"]
[Date "2022.03.22"]
[WhiteClock "0:00:13"]
[BlackClock "0:00:45"]

1. b3 e5 2. Bb2 Nc6 3. e3 d5 4. Bb5 Ne7 5. Nf3 f6 6. d4 e4 7. Nfd2 a6 8. Be2 g5 9. c4 Be6 10. cxd5 Nxd5 11. Nxe4 Bf5 12. Nbd2 Qe7 13. Ng3 Bg6 14. O-O O-O-O 15. Rc1 h5 16. Rxc6 bxc6 17. Bxa6+ Kd7 18. e4 Nf4 19. Nf5 Bxf5 20. exf5 h4 21. Re1 Qf7 22. Bc4 Nd5 23. Ne4 Bb4 24. Re2 Rhe8 25. a3 Bd6 26. b4 Rb8 27. g3 Kd8 28. b5 Re7 29. bxc6 Ne3 30. Rxe3 Qxc4 31. Qh5 Qxc6 32. d5 Qe8 33. Qxe8+ Rxe8 34. Bxf6+ Be7 35. Bxe7+ Kxe7 36. Nxg5+ Kf6 37. Ne6 h3 38. Re1 Kxf5 39. Ng7+ 1-0


[Site "https://www.chess.com"]